 Dungeon Crawl Stone Soup version 0.18-a0-1497-g788d838 (webtiles) character file.

340 milladamen the Basher (level 6, -1/51 HPs)
             Began as a Minotaur Berserker on Mar 4, 2016.
             Was a Priest of Trog.
             Splashed by a jelly's acid (5 damage)
             ... on level 4 of the Dungeon.
             The game lasted 00:12:30 (1985 turns).

milladamen the Basher (Minotaur Berserker)          Turns: 1985, Time: 00:12:31

Health: -1/51      AC:  1    Str: 21    XL:     6   Next: 30%
Magic:  5/5        EV:  8    Int:  4    God:    Trog [***...]
Gold:   194        SH:  4    Dex: 12    Spells: 0 memorised, 5 levels left

rFire  . . .     SeeInvis .     t - +0 flail
rCold  . . .     Gourm    .     u - +0 chain mail
rNeg   . . .     Faith    .     d - +1 buckler
rPois  .         Spirit   .     (helmet restricted)
rElec  .         Dismiss  .     (no cloak)
rCorr  .         Reflect  .     k - +0 pair of gloves
SustAt .         Harm     .     (no boots)
MR     .....                    (no amulet)
Stlth  ..........               (no ring)
                                (no ring)

@: lethally poisoned (-1 -> -2), corroded equipment, not resistant to hostile
enchantments, extremely unstealthy
A: retaliatory headbutt, horns 2
a: Berserk, Trog's Hand, Burn Spellbooks, Renounce Religion


You were on level 4 of the Dungeon.
You worshipped Trog.
Trog was most pleased with you.
You were not hungry.

You visited 1 branch of the dungeon, and saw 4 of its levels.

You collected 194 gold pieces.

Inventory:

Hand Weapons
 t - a +0 flail (weapon)
Armour
 d - a +1 buckler (worn)
 k - a +0 pair of gloves (worn)
 u - a +0 chain mail (worn)
Scrolls
 q - 3 scrolls of magic mapping
 s - a scroll of enchant armour
Potions
 f - a potion of haste
 h - 4 potions of curing
 l - a potion of agility {unknown}
 m - 2 potions of ambrosia {unknown}
 o - 3 potions of might {unknown}
 p - a potion of beneficial mutation {unknown}
 r - a potion of invisibility {unknown}
Comestibles
 c - 2 bread rations
 g - 3 meat rations
 i - a royal jelly


   Skills:
 - Level 3.6 Fighting
 + Level 8.5 Maces & Flails
 - Level 2.4 Armour
 - Level 2.1 Dodging
 - Level 0.1 Stealth
 - Level 1.0 Shields


You had 5 spell levels left.
You didn't know any spells.

Dungeon Overview and Level Annotations

Branches:
Dungeon (4/15)
 Temple: D:4-7

Altars:
Fedhas
Gozag
Trog
Vehumet
The Shining One


Innate Abilities, Weirdness & Mutations

You reflexively headbutt those who attack you in melee.
You have a pair of horns on your head.


Message History

The jelly closely misses you.
You hit the jelly.
Your hands burn!
Your headbutt misses the jelly.
The jelly is lightly wounded.
You feel sick. The jelly hits you but does no damage.
You sock the jelly!
Your hands burn!
Your headbutt misses the jelly.
The jelly is severely wounded.
The jelly hits you.
You are splashed with acid!
The acid corrodes you!
The acid burns!
You hit the jelly but do no damage. The acid corrodes you!
Your hands burn!
The jelly is severely wounded.
The jelly hits you but does no damage.
You hit the jelly but do no damage.
Your hands burn!
The jelly is severely wounded.
The jelly hits you.
* * * LOW HITPOINT WARNING * * *
You are splashed with acid!
The acid corrodes you!
The acid burns!
* * * LOW HITPOINT WARNING * * *
You are too injured to fight recklessly!
You hit the jelly.
Your hands burn!
You die...

#.#
#..........#
#.#
########...#
#.####.######
#.###
#...........#
#.#
#..###..###.##
#.#
#........>...#
#.#
##.####.###..#
#.### #.# #
#...# #@#
#######.###
#.J#
...........
#.##
#######.### #.
#.# #. #.# ..
#.# #. #.# #.
#.# #.#


You could see a jelly.

Vanquished Creatures
  The ghost of Bubs the Sneak, an amateur VSAs (D:3)
  A crimson imp (D:3)
  An orc wizard (D:3)
  Ijyb (D:3)
  A worker ant (D:4)
  2 adders
  An ooze (D:3)
  3 worms
  4 dart slugs
  2 giant geckos
  10 orcs (D:3)
  A ball python (D:1)
  6 bats
  9 goblins
  9 hobgoblins
  4 jackals (D:3)
  A quokka (D:3)
  6 giant newts
  A jackal zombie (D:3)
  11 kobolds
  8 rats
83 creatures vanquished.

Notes
Turn   | Place    | Note
--------------------------------------------------------------
     0 | D:1      | milladamen the Minotaur Berserker began the quest for the Orb.
     0 | D:1      | Reached XP level 1. HP: 19/19 MP: 0/0
    36 | D:1      | Reached skill level 4 in Maces & Flails
    69 | D:1      | Reached XP level 2. HP: 20/26 MP: 1/1
   194 | D:1      | Reached ** piety under Trog
   230 | D:1      | Reached skill level 5 in Maces & Flails
   415 | D:1      | Reached XP level 3. HP: 28/31 MP: 2/2
  1040 | D:3      | Noticed Ijyb
  1047 | D:3      | Reached XP level 4. HP: 33/39 MP: 3/3
  1053 | D:3      | Killed Ijyb
  1053 | D:3      | Reached skill level 6 in Maces & Flails
  1068 | D:3      | Reached *** piety under Trog
  1232 | D:3      | Noticed Bubs's ghost (amateur VSAs)
  1247 | D:3      | Killed Bubs's ghost
  1247 | D:3      | Reached skill level 7 in Maces & Flails
  1247 | D:3      | Reached XP level 5. HP: 31/45 MP: 4/4
  1250 | D:3      | Reached skill level 1 in Shields
  1275 | D:3      | Found a glowing golden altar of the Shining One.
  1571 | D:3      | Found a blossoming altar of Fedhas.
  1571 | D:3      | Found a bloodstained altar of Trog.
  1572 | D:3      | Found a radiant altar of Vehumet.
  1683 | D:3      | Reached skill level 8 in Maces & Flails
  1683 | D:3      | Reached XP level 6. HP: 45/51 MP: 5/5
  1795 | D:3      | Found an opulent altar of Gozag.
  1985 | D:4      | Splashed by a jelly's acid

Vault maps used:
D:1:      dpeg_arrival_refuge, minmay_vboxes
D:2:      first_bread, minmay_misc_feat_x, hangedman_feature_mirror,
          serial_park_tiny_2, minmay_bisected
D:3:      gammafunk_temple_overflow_claw, old_standard_altar,
          nicolae_gozag_seed_capital, uniq_iyjb
D:4:      gammafunk_temple_overflow_elements, nicolae_overflow_hidden_temple

Skill      XL: |  1  2  3  4  5 |
---------------+----------------+-----
Maces & Flails | 4 5 7 8 |  8.5
Shields        | 1 |  1.0
Fighting       | |  3.6
Armour         | |  2.4
Dodging        | |  2.1
Stealth        | |  0.1

Action                   |  1- 3 |  4- 6 || total
-------------------------+-------+-------++-------
Melee: Mace              |    96 |    45 ||   141
       Flail             |       |    69 ||    69
Invok: Burn Spellbooks   |     1 |     1 ||     2
  Use: Scroll            |     8 |     2 ||    10
  Eat: Chunk             |       |     4 ||     4
